Map: Orbital Shipyard

Players

CMStormPolt (Polt) - Winner!

  • Race: Terran Terran
  • League: Grandmaster

Neeb

  • Race: Protoss Protoss
  • League: Grandmaster

VOD

https://www.youtube.com/watch?v=bZVSxoGhlzQ

Description

Time

  • Played on: Feb. 13, 2016, 8:06 p.m.
  • Length: 10:52
Show
View Real Time Build Order
Export as new Build Order

CMStormPolt Terran - Winner!

Build Orders: Reaper Expand, MMM Bio 

Get SALT Encoding   

  12  0:00  SCV  
  13  0:13  SCV  
  14  0:17  Supply Depot  
  14  0:25  SCV  
  15  0:39  SCV  
  15  0:40  Barracks  
  16  0:43  Refinery  
  16  0:51  SCV  
  17  1:03  SCV  
  18  1:15  SCV  
  19  1:27  Orbital Command  
  19  1:28  Reaper  
  20  1:39  Command Center  
  20  1:51  Supply Depot  
  20  1:53  SCV  
  21  2:00  Barracks Reactor  
  21  2:05  SCV  
  22  2:09  Barracks  
  22  2:17  SCV  
  22  2:20  Factory  
  23  2:29  SCV  
  24  2:33  Refinery  
  24  2:36  Marine x2  
  26  2:41  SCV  
  27  2:51  Orbital Command  
  27  2:53  SCV  
  27  2:56  Marine x2  
  27  2:57  Barracks Tech Lab  
  30  3:05  SCV  
  30  3:09  Starport  
  30  3:12  Widow Mine  
  31  3:16  SCV  
  31  3:17  SCV  
  35  3:22  Marine x2  
  37  3:28  SCV  
  37  3:29  Stimpack  
  37  3:30  SCV  
  37  3:33  Supply Depot  
  39  3:40  SCV  
  40  3:42  SCV  
  40  3:45  Medivac  
  43  3:52  SCV  
  43  3:54  SCV  
  43  3:55  Marine x3  
  48  3:56  Supply Depot  
  48  3:57  Factory Reactor  
  48  4:04  SCV  
  48  4:06  SCV  
  48  4:08  Engineering Bay  
  50  4:14  Marine x3  
  50  4:16  SCV  
  53  4:18  SCV  
  53  4:19  Supply Depot  
  54  4:29  SCV  
  54  4:30  SCV  
  56  4:32  Marine x3  
  56  4:33  Supply Depot  
  56  4:38  Medivac  
  61  4:40  Medivac  
  61  4:42  SCV, Factory Reactor  
  64  4:47  Barracks  
  64  4:52  SCV  
  65  4:54  SCV, Missile Turret  
  65  4:55  Refinery  
  65  4:56  Marine x2, Marauder  
  70  5:04  SCV, Supply Depot  
  70  5:06  SCV  
  72  5:08  Viking  
  74  5:18  Missile Turret  
  72  5:26  Missile Turret  
  72  5:28  Marine x2, Marauder  
  76  5:49  Marine x4  
  80  5:50  SCV x2, Marauder  
  80  5:53  Combat Shields  
  80  5:54  Supply Depot  
  80  5:55  Barracks x2  
  83  5:58  Command Center  
  83  5:59  Medivac  
  85  6:06  Refinery  
  85  6:07  SCV  
  85  6:09  Supply Depot  
  86  6:15  SCV, Medivac, Terran Infantry Weapons Level 1  
  89  6:22  SCV  
  90  6:27  SCV, Marauder  
  90  6:29  Marine x2  
  90  6:30  Marine x2  
  96  6:33  Widow Mine  
  95  6:50  Marine x4, Marauder, Barracks Tech Lab  
  95  6:51  Barracks Reactor  
  95  6:53  Liberator, SCV  
  102  7:09  Widow Mine  
  102  7:10  SCV x2, Medivac  
  111  7:22  SCV x2  
  113  7:23  Armory  
  113  7:24  Engineering Bay  
  113  7:25  Supply Depot x2  
  113  7:28  Supply Depot  
  113  7:30  Orbital Command  
  113  7:32  Missile Turret  
  113  7:34  SCV x2  
  115  7:38  Liberator  
  115  7:39  Liberator  
  115  7:43  Marauder  
  117  7:44  Concussive Shells  
  117  7:46  Marine x6  
  117  7:47  SCV x2, Marauder  
  117  7:50  Widow Mine  
  127  7:53  Refinery  
  127  7:55  Terran Infantry Armor Level 1  
  127  7:58  SCV  
  134  7:59  SCV x2  
  134  8:05  Refinery  
  136  8:06  Supply Depot x2  
  136  8:10  SCV  
  136  8:11  SCV x2  
  139  8:20  Marauder, Supply Depot  
  139  8:21  Supply Depot  
  139  8:25  Liberator x2  
  141  8:27  Marine x6, Marauder  
  141  8:28  Widow Mine  
  141  8:32  Terran Infantry Weapons Level 2  
  151  8:48  Barracks  
  157  8:49  Barracks x2  
  157  8:50  Supply Depot  
  157  8:56  Marine x5, Marauder x2  
  166  9:04  Widow Mine  
  166  9:09  Liberator x2  
  168  9:17  Ghost Academy  
  166  9:31  Command Center  
  166  9:38  Marine x6, Marauder x2  
  166  9:55  Command Center  
  166  9:58  Marine x6  
  176  10:00  Marauder x2  
  176  10:03  SCV x3  
  171  10:09  Widow Mine  
  173  10:17  Marine x6  
  173  10:18  Barracks Tech Lab x2  
  173  10:19  Barracks Reactor  
  173  10:21  Marauder x2  
Show
View Real Time Build Order
Export as new Build Order

Neeb Protoss 

Build Orders: 1 Gate Expand, Dark Templar Rush 

Get SALT Encoding   

  12  0:01  Probe (Chrono Boost)  
  13  0:11  Probe (Chrono Boost)  
  14  0:18  Pylon  
  14  0:22  Probe (Chrono Boost)  
  15  0:36  Probe (Chrono Boost), Gateway  
  16  0:47  Probe (Chrono Boost)  
  17  0:50  Assimilator  
  17  0:57  Probe (Chrono Boost)  
  18  1:08  Probe (Chrono Boost)  
  19  1:18  Nexus  
  19  1:21  Probe (Chrono Boost)  
  20  1:31  Cybernetics Core  
  20  1:34  Probe (Chrono Boost)  
  20  1:39  Assimilator  
  21  1:45  Probe (Chrono Boost)  
  22  1:48  Pylon  
  22  1:55  Probe (Chrono Boost)  
  23  2:06  Probe (Chrono Boost)  
  23  2:07  Adept (Chrono Boost), Warp Gate  
  26  2:18  Probe (Chrono Boost)  
  27  2:31  Adept, Probe (Chrono Boost), Mothership Core (Chrono Boost)  
  32  2:42  Probe (Chrono Boost)  
  33  2:44  Robotics Facility  
  33  2:49  Probe (Chrono Boost)  
  34  2:52  Probe (Chrono Boost)  
  35  3:00  Probe (Chrono Boost)  
  35  3:03  Probe (Chrono Boost)  
  37  3:05  Twilight Council  
  37  3:10  Probe (Chrono Boost)  
  38  3:14  Probe (Chrono Boost)  
  39  3:21  Probe (Chrono Boost), Pylon  
  39  3:24  Probe (Chrono Boost)  
  41  3:31  Probe (Chrono Boost)  
  41  3:32  Pylon  
  41  3:33  Observer (Chrono Boost), Probe (Chrono Boost)  
  43  3:38  Gateway  
  43  3:39  Gateway  
  44  3:43  Probe x2  
  46  3:48  Dark Shrine  
  46  3:53  Assimilator  
  46  3:55  Probe  
  47  3:58  Probe, Assimilator  
  47  3:59  Warp Prism (Chrono Boost)  
  50  4:07  Probe  
  50  4:09  Probe  
  51  4:15  Pylon  
  52  4:18  Blink (Chrono Boost)  
  52  4:19  Probe x2  
  54  4:30  Probe  
  54  4:31  Observer (Chrono Boost), Probe  
  55  4:36  Pylon  
  57  4:40  Probe  
  57  4:43  Probe  
  59  4:47  Nexus  
  59  4:49  Pylon  
  59  4:51  Probe  
  63  4:57  Probe  
  61  5:03  Dark Templar x3  
  61  5:05  Probe  
  67  5:07  Forge  
  67  5:09  Pylon  
  67  5:11  Probe  
  67  5:12  Observer  
  70  5:16  Probe  
  69  5:23  Probe  
  69  5:26  Probe  
  71  5:30  Forge  
  71  5:34  Gateway  
  71  5:35  Probe  
  72  5:37  Immortal, Probe  
  72  5:41  Protoss Ground Armor Level 1 (Chrono Boost)  
  75  5:47  Probe  
  75  5:48  Probe  
  75  5:49  Gateway  
  73  5:53  Sentry x2, Gateway  
  73  5:56  Stalker  
  79  6:00  Probe  
  79  6:01  Probe  
  81  6:07  Protoss Ground Weapons Level 1 (Chrono Boost), Photon Cannon  
  81  6:15  Observer  
  82  6:19  Stalker  
  82  6:20  Stalker  
  82  6:21  Stalker  
  87  6:26  Probe x2  
  86  6:33  Probe  
  86  6:38  Probe x2  
  86  6:39  Stalker  
  82  6:45  Stalker, Probe  
  82  6:46  Stalker x2  
  89  6:50  Immortal, Probe  
  89  6:51  Probe  
  91  6:57  Probe  
  96  7:02  Probe  
  96  7:04  Probe  
  96  7:06  Pylon  
  98  7:09  Pylon  
  98  7:12  Probe, Pylon  
  99  7:16  Probe x2  
  99  7:18  Pylon  
  99  7:19  Assimilator x2  
  101  7:24  Probe  
  101  7:26  Stalker x2  
  101  7:28  Probe x2  
  108  7:32  Pylon  
  108  7:33  Protoss Ground Armor Level 2 (Chrono Boost)  
  108  7:34  Observer  
  108  7:37  Probe  
  110  7:40  Probe  
  111  7:46  Probe  
  112  7:52  Stalker x2, Warp Prism  
  112  7:53  Stalker  
  112  7:56  Protoss Ground Weapons Level 2 (Chrono Boost)  
  120  8:03  Charge  
  120  8:04  Gateway  
  120  8:07  Gateway, Photon Cannon  
  120  8:08  Pylon  
  120  8:15  Zealot x4  
  128  8:26  Robotics Bay  
  128  8:32  Observer  
  128  8:38  Nexus  
  128  8:41  Pylon  
  128  8:55  Observer  
  128  9:00  Zealot x2  
  133  9:03  Stalker x4  
  133  9:08  Colossus  
  141  9:10  Stalker x2  
  147  9:27  Probe x3  
  142  9:42  Zealot x2  
  145  9:54  Assimilator  
  145  9:57  Zealot x5  
  145  9:58  Zealot, Assimilator  
  154  10:18  Zealot x7  
  154  10:19  Zealot  
  132  10:39  Zealot x6  
  121  10:43  Gateway  
  121  10:44  Gateway x3  
Tags
 
Add a new tag
Caveats
  • Supply blocks, unpowered buildings, or Contaminate may cause inaccurate times.
  • Supply counts are checked every 10 seconds.